[Event "Titled Tuesday Blitz January 25 2022"]
[White "Gaehwiler, Gabriel"]
[Black "Janaszak, Dawid"]
[WhiteFideId "1314530"]
[BlackFideId "1119206"]
[WhiteElo "2383"]
[BlackElo "2199"]
[Result "0-1"]
[Round "08"]
[TimeControl "180+1"]
[Date "2022.01.26"]
[WhiteClock "0:00:02"]
[BlackClock "0:00:23"]

1. e4 c5 2. Nf3 Nc6 3. d4 cxd4 4. Nxd4 g6 5. Nc3 Bg7 6. Be3 Nf6 7. Bc4 O-O 8. Bb3 Re8 9. h3 d6 10. O-O Na5 11. Qd2 b6 12. Rae1 Bb7 13. Bg5 Nxb3 14. axb3 Rc8 15. Re3 Rxc3 16. bxc3 Nxe4 17. Rxe4 Bxe4 18. Re1 Bb7 19. Bh6 Bh8 20. Nf5 Qd7 21. Ne3 Qc6 22. c4 e6 23. f3 d5 24. cxd5 exd5 25. Ng4 Re6 26. Bf4 Qe8 27. Rxe6 Qxe6 28. Qb4 h5 29. Nf2 Bg7 30. Nd3 Qe2 31. Qd2 Bd4+ 32. Kh2 Qf1 33. Be3 Bf6 34. Qf2 Qxf2 35. Bxf2 Kf8 36. Bg3 Ke7 37. Bb8 a6 38. Kg1 Kd7 39. Kf2 Bd4+ 40. Ke2 a5 41. Be5 Bg1 42. Bc3 d4 43. Bd2 Bh2 44. Kf2 h4 45. Bf4 Bxf4 46. Nxf4 Kd6 47. Nd3 Ba6 48. Nb2 b5 49. Ke1 Bc8 50. Kd2 Bf5 51. Nd1 Ke5 52. Ne3 dxe3+ 53. Kxe3 Bxc2 0-1


[Site "https://www.chess.com"]

[Event "Titled Tuesday Blitz January 25 2022"]
[White "Garcia Martin, Marta"]
[Black "Kalashian, David"]
[WhiteFideId "32084030"]
[BlackFideId "13302418"]
[WhiteElo "2102"]
[BlackElo "2490"]
[Result "1-0"]
[Round "08"]
[TimeControl "180+1"]
[Date "2022.01.26"]
[WhiteClock "0:00:14"]
[BlackClock "0:01:06"]

1. Nf3 Nf6 2. d4 g6 3. c4 Bg7 4. e3 d6 5. Be2 O-O 6. Nc3 Bg4 7. O-O c5 8. h3 Bxf3 9. Bxf3 Nc6 10. d5 Ne5 11. Be2 a6 12. f4 Ned7 13. e4 b5 14. cxb5 axb5 15. Bxb5 Qb6 16. a4 Nb8 17. Qf3 Na6 18. e5 Ne8 19. Qe2 Nb4 20. Rd1 Nc7 21. Bc4 Rfd8 22. Kh2 Qb8 23. Kh1 Nca6 24. e6 f5 25. Bd2 Nc7 26. Be1 Qb7 27. Bh4 Re8 28. g4 fxg4 29. hxg4 Rf8 30. Bxe7 Rfe8 31. Bxd6 Nxe6 32. Qg2 Nd4 33. Bxc5 Ndc2 34. d6+ Kh8 35. Qxb7 Nxa1 36. Bxb4 Nc2 37. Bc5 Rab8 38. d7 Red8 39. Qxb8 Rxb8 40. d8=Q+ 1-0


[Site "https://www.chess.com"]

[Event "Titled Tuesday Blitz January 25 2022"]
[White "Gelman, Alexander"]
[Black "Guliev, Logman"]
[WhiteFideId "4118316"]
[BlackFideId "13400061"]
[WhiteElo "2375"]
[BlackElo "2128"]
[Result "0-1"]
[Round "08"]
[TimeControl "180+1"]
[Date "2022.01.26"]
[WhiteClock "0:00:06"]
[BlackClock "0:00:12"]

1. d4 Nf6 2. Nc3 d5 3. Bf4 c6 4. f3 Bf5 5. g4 Bg6 6. h4 h6 7. e3 e6 8. Nge2 Bd6 9. Qd2 Qe7 10. O-O-O Nbd7 11. Bxd6 Qxd6 12. Nf4 O-O-O 13. Nxg6 fxg6 14. Bd3 e5 15. Bxg6 Nxg4 16. Bf5 Nf6 17. Rhg1 Rhg8 18. Rg6 Kb8 19. Rdg1 Qe7 20. Qh2 Ka8 21. Kb1 exd4 22. exd4 Rde8 23. a3 Nb6 24. Bd3 Nh5 25. a4 Nc4 26. Bxc4 dxc4 27. a5 a6 28. Na4 Qb4 29. Nb6+ Ka7 30. c3 Qxa5 31. Nxc4 Qf5+ 32. Qc2 Qxf3 33. Qb3 Qf5+ 34. Ka1 Qb5 35. Qa2 Re2 36. Nd6 Qb6 37. R6g2 Rxg2 38. Rxg2 Rf8 39. Rg1 g5 40. hxg5 hxg5 41. Nc4 Qb5 42. Na3 Qd5 43. Qxd5 cxd5 44. Rxg5 Nf4 45. Nc2 Nd3 46. Rxd5 Rf1+ 47. Ka2 Rf2 48. Kb3 Nc1+ 49. Kc4 Rxc2 50. b4 Na2 0-1


[Site "https://www.chess.com"]

[Event "Titled Tuesday Blitz January 25 2022"]
[White "Gnechko, Ruslan"]
[Black "Papasimakopoulos, Alexandros"]
[WhiteFideId "14135868"]
[BlackFideId "4244125"]
[WhiteElo "2289"]
[BlackElo "2340"]
[Result "1-0"]
[Round "08"]
[TimeControl "180+1"]
[Date "2022.01.26"]
[WhiteClock "0:02:12"]
[BlackClock "0:01:04"]

1. e4 e6 2. d4 d5 3. Nc3 Bb4 4. Qd3 dxe4 5. Qxe4 Nf6 6. Qh4 Nc6 7. Nf3 Ne7 8. Bd3 Nf5 9. Bxf5 exf5 10. O-O O-O 11. Bg5 Be7 12. Rfe1 h6 13. Rxe7 Qxe7 14. Nd5 Qe4 15. Nxf6+ gxf6 16. Qxh6 fxg5 17. Nxg5 f4 18. Nxe4 f5 19. Qg6+ Kh8 20. Ng5 1-0


[Site "https://www.chess.com"]

[Event "Titled Tuesday Blitz January 25 2022"]
[White "Golubka, Petro"]
[Black "Galyas, Miklos"]
[WhiteFideId "14114224"]
[BlackFideId "707244"]
[WhiteElo "2392"]
[BlackElo "2409"]
[Result "1-0"]
[Round "08"]
[TimeControl "180+1"]
[Date "2022.01.26"]
[WhiteClock "0:00:15"]
[BlackClock "0:00:12"]

1. d4 d5 2. Nc3 Nf6 3. Nf3 Bf5 4. Bg5 e6 5. a3 h6 6. Bh4 Nbd7 7. e3 c6 8. Bd3 Bd6 9. Qe2 O-O 10. O-O Be7 11. Rab1 Ne4 12. Bxe7 Qxe7 13. Bxe4 dxe4 14. Nd2 Nf6 15. Nc4 Rfd8 16. b4 Nd5 17. Qd2 Qg5 18. Ne2 Bg4 19. Ng3 f5 20. Ne5 h5 21. Kh1 h4 22. Ne2 h3 23. g3 Nf6 24. Nf4 Nd7 25. Nxe6 Qh5 26. Nxg4 Qxg4 27. f3 exf3 28. Nxd8 Rxd8 29. Qf2 Nf6 30. Qxf3 g6 31. Qxg4 Nxg4 32. Rfe1 Re8 33. Rb3 Nf6 34. Kg1 Ne4 35. Kf1 Kg7 36. Ke2 Kf6 37. Rf1 Kg5 38. a4 Nf6 39. c4 Ng4 40. Rf4 Rh8 41. Rxg4+ Kxg4 42. c5 Re8 43. b5 g5 44. bxc6 bxc6 45. a5 f4 46. gxf4 gxf4 47. a6 Kf5 48. Kf3 Rg8 49. e4+ Kg5 50. Rb7 Rd8 51. Rg7+ Kf6 52. Rc7 Rxd4 53. Kxf4 Rd2 54. Rxc6+ Ke7 55. Rh6 Rxh2 56. Ke5 Rh1 57. Rh7+ Kd8 58. Rxa7 Rc1 59. Rh7 Rxc5+ 60. Kd6 Ra5 61. Rh8# 1-0


[Site "https://www.chess.com"]

[Event "Titled Tuesday Blitz January 25 2022"]
[White "Goryachkina, Aleksandra"]
[Black "Suarez Uriel, Adrian"]
[WhiteFideId "4147103"]
[BlackFideId "22230874"]
[WhiteElo "2426"]
[BlackElo "2316"]
[Result "1/2-1/2"]
[Round "08"]
[TimeControl "180+1"]
[Date "2022.01.26"]
[WhiteClock "0:00:20"]
[BlackClock "0:01:05"]

1. e4 c5 2. Nf3 Nc6 3. Nc3 g6 4. d4 cxd4 5. Nxd4 Bg7 6. Be3 Nf6 7. f3 O-O 8. Qd2 d5 9. exd5 Nxd5 10. Nxc6 bxc6 11. Nxd5 cxd5 12. O-O-O Rb8 13. Bd4 e5 14. Bc5 Re8 15. Qxd5 Qa5 16. Be3 Qxd5 17. Rxd5 Be6 18. Ra5 e4 19. fxe4 Bxb2+ 20. Kd2 Rec8 21. Rc5 Rxc5 22. Bxc5 a5 23. a4 Rc8 24. Bb6 Bc3+ 25. Ke3 Rc6 26. Ba7 Rc7 27. Bb6 Rc6 28. Ba7 Rc7 29. Bb6 Rc6 1/2-1/2


[Site "https://www.chess.com"]

[Event "Titled Tuesday Blitz January 25 2022"]
[White "Guseva, Marina"]
[Black "Kucuksari, Kaan"]
[WhiteFideId "4149351"]
[BlackFideId "6380166"]
[WhiteElo "2232"]
[BlackElo "2305"]
[Result "0-1"]
[Round "08"]
[TimeControl "180+1"]
[Date "2022.01.26"]
[WhiteClock "0:00:31"]
[BlackClock "0:00:41"]

1. d4 f5 2. c4 Nf6 3. g3 g6 4. Bg2 Bg7 5. Nf3 d6 6. O-O O-O 7. Nc3 Qe8 8. Re1 Qf7 9. e4 fxe4 10. Nxe4 Nxe4 11. Rxe4 Nc6 12. Rf4 Qe8 13. Rxf8+ Qxf8 14. d5 Ne5 15. Nxe5 Bxe5 16. a4 Bd7 17. a5 Qf6 18. Qb3 Rf8 19. Be3 Bxb2 20. Ra2 Bd4 21. Qxb7 Bxe3 22. fxe3 Ba4 23. Qb4 Bc2 24. Qe1 Bb3 25. Ra3 Bxc4 26. Rc3 Bb5 27. Rxc7 a6 28. Bh3 h5 29. Be6+ Kh7 30. Qc3 Qf1# 0-1


[Site "https://www.chess.com"]

[Event "Titled Tuesday Blitz January 25 2022"]
[White "Hasangatin, Ramil"]
[Black "Willow, Jonah B"]
[WhiteFideId "4122160"]
[BlackFideId "438804"]
[WhiteElo "2375"]
[BlackElo "2261"]
[Result "0-1"]
[Round "08"]
[TimeControl "180+1"]
[Date "2022.01.26"]
[WhiteClock "0:00:04"]
[BlackClock "0:00:48"]

1. e4 c5 2. Nf3 Nc6 3. Bb5 g6 4. O-O Bg7 5. c3 Nf6 6. Qa4 O-O 7. d4 cxd4 8. cxd4 d5 9. e5 Nd7 10. Bxc6 Nb6 11. Qa5 bxc6 12. b3 Bg4 13. Nbd2 Nd7 14. Qxd8 Rfxd8 15. Ba3 Bf8 16. Rfc1 Rdc8 17. Rc3 a5 18. Rac1 Ra6 19. h3 Bxf3 20. Nxf3 e6 21. Bxf8 Kxf8 22. Ne1 a4 23. b4 Ke7 24. Nd3 Rb6 25. a3 Kd8 26. g4 Kc7 27. Kg2 Kb7 28. f4 Ra6 29. Kg3 h6 30. f5 gxf5 31. gxf5 Rg8+ 32. Kf4 Rb6 33. Nb2 Rg5 34. f6 Rf5+ 35. Ke3 Rh5 36. Kf2 Rf5+ 37. Ke2 Rf4 38. Nxa4 Re4+ 39. Kf3 Ra6 40. b5 Nxe5+ 41. dxe5 Raxa4 42. bxc6+ Kc7 43. Rb1 Rf4+ 44. Kg3 Rfc4 45. Rb7+ Kxc6 46. Rcb3 d4 47. Rxf7 Kd5 48. Re7 Ra8 49. f7 Rf8 50. Rbb7 Kxe5 51. Re8 Rc3+ 52. Kg4 Rc8 53. Rbe7 Rxf7 54. Rxe6+ Kd5 55. Re5+ Kd6 56. R5e6+ Kd7 57. Rxc8 Kxe6 58. Rd8 Ke5 59. Kh5 Rf6 60. h4 Ke4 61. a4 d3 62. a5 Ra6 63. Re8+ Kf3 64. Rd8 Ke2 65. Re8+ Kd1 66. Rd8 d2 67. Rd5 Kc2 68. Rc5+ Kd3 69. Rd5+ Ke3 70. Rd8 Re6 71. Rd7 Ke2 72. a6 Rxa6 73. Re7+ Kd1 74. Rd7 Re6 75. Rd8 Ke2 0-1


[Site "https://www.chess.com"]

[Event "Titled Tuesday Blitz January 25 2022"]
[White "Hirneise, Jens"]
[Black "Gunina, Valentina"]
[WhiteFideId "24614734"]
[BlackFideId "4167570"]
[WhiteElo "2323"]
[BlackElo "2465"]
[Result "0-1"]
[Round "08"]
[TimeControl "180+1"]
[Date "2022.01.26"]
[WhiteClock "0:00:03"]
[BlackClock "0:00:43"]

1. e4 c6 2. d4 d5 3. Nd2 dxe4 4. Nxe4 Nf6 5. Ng3 h5 6. h4 c5 7. Nf3 cxd4 8. Qxd4 Qxd4 9. Nxd4 Nc6 10. Nxc6 bxc6 11. Be2 e5 12. Bf3 Bd7 13. Bg5 Ng4 14. Bxg4 hxg4 15. O-O-O Bc5 16. Ne4 Be7 17. Nd6+ Bxd6 18. Rxd6 Bf5 19. Rhd1 O-O 20. Rxc6 Be4 21. Rc5 Bxg2 22. Be7 Rfe8 23. Rxe5 Bf3 24. Rde1 f6 25. R5e3 Rec8 26. b3 a5 27. a4 Rc6 28. Kb2 Rac8 29. c4 Rb6 30. c5 Rb7 31. Bd6 Bd5 32. Rd1 Bf7 33. Rd4 f5 34. Ka3 Kh7 35. b4 axb4+ 36. Rxb4 Ra7 37. Re7 Rxe7 38. Bxe7 Re8 39. Rb7 f4 40. Bd6 Bd5 41. Rb4 g3 42. fxg3 fxg3 43. Rg4 g2 44. c6 Bxc6 45. Bc5 Re1 46. Bd4 g6 47. a5 Bf3 48. Rg3 Bb7 49. Bb6 Kh6 50. Kb4 Kh5 51. Rg5+ Kh6 52. a6 Rb1+ 53. Kc5 Bf3 54. a7 g1=Q+ 55. Rxg1 Rxg1 56. Kd6 Rd1+ 57. Kc7 Kh5 58. Kb8 Kxh4 0-1


[Site "https://www.chess.com"]

[Event "Titled Tuesday Blitz January 25 2022"]
[White "Hjartarson, Johann"]
[Black "Ozates, Tuna"]
[WhiteFideId "2300044"]
[BlackFideId "6354521"]
[WhiteElo "2484"]
[BlackElo "1872"]
[Result "0-1"]
[Round "08"]
[TimeControl "180+1"]
[Date "2022.01.26"]
[WhiteClock "0:00:09"]
[BlackClock "0:00:14"]

1. e4 e5 2. Nf3 Nc6 3. Bc4 Bc5 4. c3 Nf6 5. d3 a6 6. O-O Ba7 7. Bg5 h6 8. Bh4 g5 9. Bg3 d6 10. Nbd2 g4 11. Nh4 Nh5 12. Kh1 Bd7 13. Bb3 Nf4 14. Nc4 Qg5 15. Ne3 Ng6 16. Nef5 O-O-O 17. Bxf7 Nf4 18. b4 Ne7 19. Nxe7+ Qxe7 20. Bc4 Qg5 21. a4 h5 22. Qd2 Qf6 23. f3 gxf3 24. Rxf3 Bg4 25. Rff1 Rdf8 26. a5 Qg5 27. b5 axb5 28. Bxb5 Rh6 29. a6 Rhf6 30. axb7+ Kxb7 31. Qa2 Kc8 32. Qxa7 Kd8 33. Qb8+ Bc8 34. Ba6 Kd7 35. Bxc8+ Rxc8 36. Qb5+ c6 37. Ra7+ Ke6 38. Qb3+ d5 39. exd5+ Nxd5 40. Nf3 Rxf3 41. gxf3 h4 42. f4 Qf5 43. Re1 Qxd3 44. Rxe5+ Kf6 45. Bxh4+ Kg6 46. Rg5+ Kh6 0-1


[Site "https://www.chess.com"]

[Event "Titled Tuesday Blitz January 25 2022"]
[White "Hoffmann, Asa"]
[Black "Papp, Levente"]
[WhiteFideId "2001470"]
[BlackFideId "751243"]
[WhiteElo "2117"]
[BlackElo "2308"]
[Result "0-1"]
[Round "08"]
[TimeControl "180+1"]
[Date "2022.01.26"]
[WhiteClock "0:00:01"]
[BlackClock "0:00:08"]

1. d4 Nf6 2. Bg5 c5 3. d5 g6 4. Nc3 Bg7 5. e4 d6 6. f3 a6 7. a4 h6 8. Be3 e6 9. Qd2 exd5 10. exd5 g5 11. Nge2 Nbd7 12. Ng3 Ne5 13. Be2 O-O 14. O-O Ng6 15. Bd3 Re8 16. Rae1 Qc7 17. Bf5 Bd7 18. Qd3 c4 19. Qd2 Bxf5 20. Nxf5 Qd7 21. Nxg7 Kxg7 22. Bd4 Qf5 23. g4 Qd7 24. h3 Ne5 25. f4 gxf4 26. Qxf4 Nh7 27. Ne4 Kg8 28. Qxh6 Qe7 29. Nxd6 Nf3+ 30. Kh1 Nxd4 31. Rxe7 Rxe7 32. Nf5 Nxf5 33. gxf5 f6 34. Rg1+ Kh8 35. Qh4 Rae8 36. Qxc4 Ng5 37. h4 Ne4 38. Kh2 Re5 39. Re1 Nd6 40. Rxe5 Rxe5 41. Qc7 Nxf5 42. Qd8+ Kg7 43. Qc7+ Re7 44. Qc3 Rd7 45. d6 Nxd6 46. Qd3 Kf7 47. h5 Ke6 48. h6 Nf7 49. Qe4+ Ne5 50. h7 Rd8 51. Qh4 Ng6 52. Qh6 Kf7 53. Kg3 Rh8 54. Kf2 Nf8 55. b4 Rxh7 56. Qf4 Kg6 57. Qe4+ f5 58. Qd5 Kf6 59. c4 Ne6 60. c5 f4 61. b5 axb5 62. axb5 Rc7 63. c6 bxc6 64. bxc6 Ke7 65. Qe5 Rxc6 0-1


[Site "https://www.chess.com"]

[Event "Titled Tuesday Blitz January 25 2022"]
[White "Hoghmrtsyan, Artur"]
[Black "Rustemov, Alexander"]
[WhiteFideId "13306685"]
[BlackFideId "4119002"]
[WhiteElo "2602"]
[BlackElo "2726"]
[Result "1-0"]
[Round "08"]
[TimeControl "180+1"]
[Date "2022.01.26"]
[WhiteClock "0:00:08"]
[BlackClock "0:00:20"]

1. d4 d5 2. c4 dxc4 3. e3 e6 4. Bxc4 c5 5. Nf3 a6 6. a4 Nf6 7. O-O Nc6 8. Qe2 Be7 9. Rd1 O-O 10. Nc3 Qc7 11. dxc5 Bxc5 12. h3 b6 13. e4 Bb7 14. Bg5 Nd7 15. Rac1 h6 16. Bh4 Nde5 17. Nxe5 Qxe5 18. Qg4 Rac8 19. Rd7 Rc7 20. Rcd1 Rxd7 21. Rxd7 Bc8 22. Bg3 Qf6 23. Rc7 Ne5 24. Qe2 Bd6 25. Ra7 Nxc4 26. Qxc4 Bxg3 27. fxg3 Qe5 28. Rc7 b5 29. Qc6 b4 30. Nd1 Qxg3 31. Nf2 Qe3 32. Kf1 Qd2 33. Rxc8 Qxb2 34. Rxf8+ Kxf8 35. Qc5+ Kg8 36. Nd3 b3 37. Nxb2 1-0


[Site "https://www.chess.com"]

[Event "Titled Tuesday Blitz January 25 2022"]
[White "Ibrahimli, Murad"]
[Black "Aradhya, Garg"]
[WhiteFideId "13410229"]
[BlackFideId "25006746"]
[WhiteElo "2109"]
[BlackElo "2169"]
[Result "0-1"]
[Round "08"]
[TimeControl "180+1"]
[Date "2022.01.26"]
[WhiteClock "0:00:06"]
[BlackClock "0:00:20"]

1. Nf3 d5 2. d4 Nf6 3. c4 c6 4. Nc3 dxc4 5. a4 Bf5 6. e3 e6 7. Bxc4 Bb4 8. O-O O-O 9. Qe2 Bg4 10. Rd1 Nbd7 11. h3 Bh5 12. e4 h6 13. Bd3 Bg6 14. Bf4 Re8 15. Ne5 Nxe5 16. dxe5 Nd7 17. Bc4 Qe7 18. Bg3 Rad8 19. Kh2 a5 20. f4 Bxc3 21. bxc3 Nc5 22. Bd3 Rxd3 23. Rxd3 Nxd3 24. Qxd3 Rd8 25. Qe3 Qd7 26. Bh4 Qd2 27. Qxd2 Rxd2 28. Re1 b5 29. axb5 cxb5 30. Kg1 a4 31. Be7 Rc2 32. Bb4 a3 33. Bxa3 Rxc3 34. Bd6 Rc4 35. Rb1 Bxe4 36. Rxb5 Rc1+ 37. Kf2 Rc2+ 38. Ke3 Bxg2 39. h4 h5 40. Be7 Rc3+ 41. Kd2 Rf3 42. Rb4 Kh7 43. Ke2 Rc3 44. Kf2 Bh3 45. Bd8 Bg4 46. Ke1 Kg6 47. Kd2 Rf3 48. Rd4 Kf5 49. Bg5 f6 50. exf6 gxf6 51. Bh6 Rh3 52. Rd8 Rxh4 53. Rf8 Kg6 54. Rxf6+ Kxf6 55. Bg5+ Kf5 56. Bxh4 Kxf4 57. Ke1 Kf3 58. Bf6 Bh3 59. Kd2 Bf5 60. Ke1 Bd3 61. Kd2 Ba6 62. Kc3 Kg3 63. Be5+ Kf3 64. Bf6 Kg4 65. Kd4 h4 66. Ke3 Kg3 67. Ke4 h3 68. Be5+ Kg2 69. Kf4 0-1


[Site "https://www.chess.com"]

[Event "Titled Tuesday Blitz January 25 2022"]
[White "Jakubowski, Krzysztof"]
[Black "Harshavardhan G B"]
[WhiteFideId "1112848"]
[BlackFideId "25059009"]
[WhiteElo "2365"]
[BlackElo "1831"]
[Result "1-0"]
[Round "08"]
[TimeControl "180+1"]
[Date "2022.01.26"]
[WhiteClock "0:00:46"]
[BlackClock "0:01:09"]

1. e4 c5 2. Nf3 d6 3. d4 cxd4 4. Nxd4 Nf6 5. Nc3 Nc6 6. Bg5 e6 7. Qd2 a6 8. O-O-O Bd7 9. f4 b5 10. Bxf6 gxf6 11. Kb1 Qb6 12. Nce2 Be7 13. h4 h5 14. Rh3 O-O-O 15. a4 b4 16. Nb3 a5 17. Qd3 Kb7 18. Rg3 Rhg8 19. Rxg8 Rxg8 20. Qf3 Rg4 21. g3 Nb8 22. Bh3 Bxa4 23. Bxg4 hxg4 24. Qxg4 Bxb3 25. cxb3 Qe3 26. f5 Qxb3 27. Nc1 Qc4 28. h5 Nc6 29. Qe2 Qc5 30. h6 Bf8 31. h7 Bg7 32. Qd3 Kc7 33. Nb3 Qe5 34. Rc1 Kb7 35. Nd2 d5 36. Qb5+ Kc7 37. Qxc6+ Kd8 38. Qc8+ Ke7 39. Rc7+ Kd6 40. Qd7# 1-0


[Site "https://www.chess.com"]

[Event "Titled Tuesday Blitz January 25 2022"]
[White "Jobava, Baadur"]
[Black "Howell, David W L"]
[WhiteFideId "13601520"]
[BlackFideId "410608"]
[WhiteElo "2929"]
[BlackElo "3016"]
[Result "1-0"]
[Round "08"]
[TimeControl "180+1"]
[Date "2022.01.26"]
[WhiteClock "0:00:30"]
[BlackClock "0:00:02"]

1. e4 g6 2. d4 Bg7 3. c4 d6 4. f4 Nf6 5. Nc3 O-O 6. Nf3 c5 7. d5 e6 8. Be2 exd5 9. cxd5 Nbd7 10. O-O Re8 11. Nd2 c4 12. Kh1 Nc5 13. e5 dxe5 14. Nxc4 exf4 15. Bxf4 Nfe4 16. Nb5 Rf8 17. Bf3 Bd7 18. Nc7 Rc8 19. d6 b5 20. Ne5 g5 21. Nxd7 Qxd7 22. Be3 Bxb2 23. Bg4 Ne6 24. Rxf7 Rxf7 25. Bxe6 Qxd6 26. Bxf7+ Kxf7 27. Qb3+ Kg6 28. Nxb5 Qf6 29. Rb1 Be5 30. Nxa7 Rc3 31. Qb6 Qxb6 32. Bxb6 Ra3 33. Nc6 Bf6 34. Nb4 Nc3 35. Rb3 Ra4 36. a3 Nb5 37. Nc2 Rc4 38. Rxb5 Rxc2 39. Kg1 Ra2 40. Bc5 Rc2 41. Kf1 Ra2 42. Rb6 Kf7 43. h3 h5 44. Rb7+ Ke6 45. Rb6+ Kf7 46. g4 hxg4 47. hxg4 Kg7 48. Rb7+ Kg6 49. Rb6 Kf7 50. Bb4 Kg7 51. Rb7+ Kg6 52. Rb6 Kf7 53. Rc6 Bd4 54. Rc4 Be5 55. Re4 Bf4 56. Re2 Ra1+ 57. Kg2 Kg6 58. Re6+ Kf7 59. Re7+ Kg6 60. Rg7+ Kh6 61. Re7 Kg6 62. Re6+ Kf7 63. Re2 Kg6 64. Kf3 Rf1+ 65. Rf2 Rb1 66. Rg2 Rb3+ 67. Ke4 Kf7 68. Kf5 Ke8 69. Re2+ Kf7 70. Re7+ Kg8 71. Kg6 Re3 72. Rxe3 Bxe3 73. a4 1-0


[Site "https://www.chess.com"]

[Event "Titled Tuesday Blitz January 25 2022"]
[White "Jones, Gawain C B"]
[Black "Arabidze, Meri"]
[WhiteFideId "409561"]
[BlackFideId "13604040"]
[WhiteElo "2657"]
[BlackElo "2329"]
[Result "1-0"]
[Round "08"]
[TimeControl "180+1"]
[Date "2022.01.26"]
[WhiteClock "0:01:18"]
[BlackClock "0:00:12"]

1. a3 g6 2. e4 Bg7 3. d4 d6 4. Nc3 Nf6 5. Nf3 Kf8 6. Bd3 Nbd7 7. e5 Ne8 8. e6 Ndf6 9. exf7 Kxf7 10. Ng5+ Kg8 11. Qe2 c6 12. Ne6 Bxe6 13. Qxe6+ Kf8 14. Bc4 d5 15. Bd3 Nc7 16. Qe2 Kf7 17. Bf4 Rf8 18. O-O-O Kg8 19. h4 Nh5 20. Be3 Ne6 21. Qg4 Nef4 22. Bf1 Qc8 23. Qxc8 Raxc8 24. g4 Nf6 25. Bxf4 Nxg4 26. Bg3 Nxf2 27. Bxf2 Rxf2 28. h5 Rcf8 29. Bh3 gxh5 30. Be6+ Kh8 31. Rxh5 Rg2 32. Rdh1 h6 33. Rf5 Rxf5 34. Bxf5 Bxd4 35. Rxh6+ Kg7 36. Re6 Bxc3 37. bxc3 Kf7 38. Re1 Kf6 39. Bc8 b6 40. Re6+ Kf7 41. Rxc6 e5 42. Be6+ Ke7 43. Bxd5 1-0


[Site "https://www.chess.com"]

[Event "Titled Tuesday Blitz January 25 2022"]
[White "Kamsky, Gata"]
[Black "Zherebtsova, Alexandra"]
[WhiteFideId "2000024"]
[BlackFideId "24129518"]
[WhiteElo "2645"]
[BlackElo "2025"]
[Result "1-0"]
[Round "08"]
[TimeControl "180+1"]
[Date "2022.01.26"]
[WhiteClock "0:01:07"]
[BlackClock "0:00:03"]

1. d4 d5 2. Nf3 Nf6 3. c4 e6 4. g3 Nc6 5. Bg2 g6 6. O-O Bg7 7. Bg5 h6 8. Bxf6 Bxf6 9. cxd5 exd5 10. e3 O-O 11. Nc3 a5 12. a3 Ne7 13. b4 c6 14. Nd2 Nf5 15. Nb3 a4 16. Nc5 b6 17. N5xa4 Bd7 18. Qb3 Nd6 19. b5 Nc4 20. bxc6 Bxc6 21. Rfd1 Ra6 22. Nb2 b5 23. Nd3 Qa8 24. Nb4 Ra5 25. Nxc6 Qxc6 26. Nxd5 Qa6 27. a4 bxa4 28. Nxf6+ Kg7 29. Qc3 Kxf6 30. d5+ Ke7 31. Bf1 Rc8 32. Rd4 Qb5 33. Rxc4 1-0


[Site "https://www.chess.com"]

[Event "Titled Tuesday Blitz January 25 2022"]
[White "Khripachenko, Alexander"]
[Black "Mirzoev, Azer"]
[WhiteFideId "54184975"]
[BlackFideId "13400304"]
[WhiteElo "2177"]
[BlackElo "2525"]
[Result "0-1"]
[Round "08"]
[TimeControl "180+1"]
[Date "2022.01.26"]
[WhiteClock "0:00:01"]
[BlackClock "0:01:13"]

1. e4 Nf6 2. e5 Nd5 3. d4 d6 4. c4 Nb6 5. f4 dxe5 6. fxe5 Bf5 7. Nc3 e6 8. Be3 Bb4 9. Rc1 O-O 10. a3 Be7 11. Nf3 a5 12. Be2 a4 13. O-O N8d7 14. c5 Nd5 15. Nxd5 exd5 16. c6 bxc6 17. Rxc6 Nb6 18. Qd2 Qd7 19. Rc3 Rfb8 20. Rfc1 Ra7 21. Bf4 h6 22. e6 Qxe6 23. Rxc7 Rxc7 24. Rxc7 Bd6 25. Bxd6 Qxd6 26. Rc5 Be4 27. Ne5 f6 28. Rc6 Qd8 29. Nf3 Kh7 30. Bd3 Qe8 31. Qc2 Qg6 32. Bxe4 dxe4 33. Nd2 e3 34. Qxg6+ Kxg6 35. Nf3 Nd5 36. Rc2 Kf5 37. g3 Ke4 38. Kg2 g5 39. h3 h5 40. Ne1 Kxd4 41. Kf3 f5 42. Ke2 g4 43. hxg4 hxg4 44. Kd1 f4 45. gxf4 Nxf4 46. Ng2 Nxg2 0-1


[Site "https://www.chess.com"]

[Event "Titled Tuesday Blitz January 25 2022"]
[White "Kim, Sergey"]
[Black "Urazayev, Arystanbek"]
[WhiteFideId "13700570"]
[BlackFideId "13709810"]
[WhiteElo "2617"]
[BlackElo "2321"]
[Result "0-1"]
[Round "08"]
[TimeControl "180+1"]
[Date "2022.01.26"]
[WhiteClock "0:00:29"]
[BlackClock "0:02:01"]

1. d4 d5 2. c4 e6 3. Nc3 h6 4. Nf3 Nf6 5. Bf4 Bd6 6. Bg3 O-O 7. e3 b6 8. cxd5 exd5 9. Bd3 Bb7 10. Ne5 c5 11. O-O Nc6 12. Bf5 Ne7 13. Bh3 Ne4 14. f4 Nxg3 15. hxg3 Bc8 16. Qh5 Bxh3 17. Qxh3 Qc8 18. f5 f6 19. Nd3 cxd4 20. exd4 Qc4 21. Nf4 Qxd4+ 22. Kh1 Bxf4 23. Rxf4 Qe5 24. Rd1 Rad8 25. Qg4 d4 26. Rfxd4 Rxd4 27. Qxd4 Qxd4 28. Rxd4 Nxf5 29. Rd7 Rf7 30. Rd8+ Kh7 31. Kh2 Ne3 32. Nb5 Re7 33. Nd4 Ng4+ 34. Kh3 h5 35. Kh4 g6 36. Nf3 Re2 37. Kh3 Rxb2 38. Rd7+ Kh6 0-1


[Site "https://www.chess.com"]

[Event "Titled Tuesday Blitz January 25 2022"]
[White "Kislinsky, Alexey"]
[Black "Song, Michael"]
[WhiteFideId "14108801"]
[BlackFideId "2613190"]
[WhiteElo "2335"]
[BlackElo "2274"]
[Result "0-1"]
[Round "08"]
[TimeControl "180+1"]
[Date "2022.01.26"]
[WhiteClock "0:00:19"]
[BlackClock "0:00:20"]

1. e4 e5 2. d4 exd4 3. Qxd4 Nc6 4. Qe3 Be7 5. Bd2 Nf6 6. c4 O-O 7. Nc3 Re8 8. f3 a6 9. Nge2 b5 10. Nf4 Ne5 11. cxb5 axb5 12. Bxb5 c6 13. Be2 d5 14. exd5 Bd6 15. Qd4 g5 16. Nd3 Nxd3+ 17. Qxd3 Ba6 18. Qf5 Nxd5 19. Ne4 Bxe2 20. Bxg5 Qb6 21. Kxe2 Qxb2+ 22. Bd2 Nc3+ 23. Kf1 Nxe4 24. Qg4+ Kh8 25. fxe4 Qxa1+ 26. Kf2 Qf6+ 27. Qf3 Be5 28. Qxf6+ Bxf6 29. Be3 Rxa2+ 30. Kf3 Ra3 31. Kf4 Bg5+ 32. Kxg5 Rxe3 33. Rd1 R3xe4 34. g4 R4e6 35. Kf5 Kg7 36. g5 Rb8 37. h4 Rb5+ 38. Kg4 Rd5 39. Rf1 Re4+ 40. Kh5 Rdd4 41. Rh1 Rxh4+ 42. Rxh4 Rxh4+ 43. Kxh4 h6 44. gxh6+ Kxh6 45. Kg4 Kg6 46. Kf4 f5 47. Ke5 Kg5 48. Kd4 Kg4 49. Ke3 f4+ 50. Ke2 c5 51. Kf2 c4 52. Ke2 f3+ 53. Kf2 Kf4 54. Ke1 Kg3 55. Kf1 f2 56. Ke2 Kg2 0-1


[Site "https://www.chess.com"]

[Event "Titled Tuesday Blitz January 25 2022"]
[White "Kretov, Evgenij"]
[Black "Pourkashiyan, Atousa"]
[WhiteFideId "4167821"]
[BlackFideId "12502014"]
[WhiteElo "2303"]
[BlackElo "2247"]
[Result "1-0"]
[Round "08"]
[TimeControl "180+1"]
[Date "2022.01.26"]
[WhiteClock "0:01:49"]
[BlackClock "0:00:07"]

1. d4 Nf6 2. c4 e6 3. Nc3 Bb4 4. Bg5 h6 5. Bh4 O-O 6. Qc2 d5 7. cxd5 exd5 8. e3 Re8 9. Bd3 c6 10. Ne2 Nbd7 11. O-O Nf8 12. a3 Be7 13. b4 Ne4 14. Bxe7 Qxe7 15. Ng3 f5 16. b5 Bd7 17. bxc6 bxc6 18. Na4 g6 19. Bxe4 fxe4 20. Nc5 Ne6 21. Rfc1 Nxc5 22. Qxc5 Qxc5 23. Rxc5 Rab8 24. Ra5 Rb7 25. Ne2 Reb8 26. h3 Rb1+ 27. Rxb1 Rxb1+ 28. Kh2 Rb7 29. Kg3 Kf7 30. Nc3 Rb3 31. Rxa7 Rxc3 32. Rxd7+ Ke6 33. Rg7 Kf6 34. Rc7 Rxa3 35. Rxc6+ Kf7 36. Rd6 Ra5 37. f3 exf3 38. gxf3 Rb5 39. h4 Ra5 40. h5 gxh5 41. Rxh6 Ra1 42. Rxh5 Ke6 43. Kf4 Re1 44. Rh6+ Kd7 45. e4 dxe4 46. fxe4 Rd1 47. Ke5 Rg1 48. Rh7+ Ke8 49. d5 Rg5+ 50. Kf4 Rg1 51. Kf5 Rg2 52. e5 Kd8 53. Kf6 Kc8 54. e6 Rf2+ 55. Ke5 Re2+ 56. Kd6 Ra2 57. Rh8+ Kb7 58. e7 Ra6+ 59. Kd7 Ra7 1-0


[Site "https://www.chess.com"]